 Dungeon Crawl Stone Soup version 0.27-a0-242-ge0fc76b88b (webtiles) character file.

Game seed: 11566869583102787338

53 Borgoz the Slasher (level 3, -6/30 HPs)
             Began as a Ghoul Gladiator on Feb 2, 2021.
             Mangled by Sigmund
             ... wielding a +0 scythe
              (10 damage)
             ... on level 2 of the Dungeon.
             The game lasted 00:01:24 (1431 turns).

Borgoz the Slasher (Ghoul Gladiator)                Turns: 1431, Time: 00:01:24

Health: -6/30      AC:  5    Str: 17    XL:     3   Next: 89%
Magic:  2/2        EV: 12    Int:  3    God:
Gold:   70         SH:  0    Dex: 11    Spells: 2/2 levels left

rFire    . . .     SeeInvis .   a - +0 long sword
rCold    + . .     Faith    .   (no shield)
rNeg     + + +     Spirit   .   b - +0 leather armour
rPois    ∞         Reflect  .   c - +0 helmet
rElec    .         Harm     .   (no cloak)
rCorr    .         Rampage  .   e - +0 pair of gloves (curse)
Will     .....                  (no boots)
Stlth    +.........             (no amulet)
HPRegen  0.00/turn              (no ring)
MPRegen  0.08/turn              (no ring)

@: confused
A: claws 1, cold resistance 1, negative energy resistance 3, inhibited
regeneration, torment resistance, unbreathing
a: no special abilities


You were on level 2 of the Dungeon.
You visited 1 branch of the dungeon, and saw 2 of its levels.

You collected 70 gold pieces.

Inventory:

Hand Weapons
 a - a +0 long sword (weapon)
Missiles
 d - 3 throwing nets (quivered)
Armour
 b - a +0 leather armour (worn)
 c - a +0 helmet (worn)
 e - a cursed +0 pair of gloves (worn)
Scrolls
 f - a scroll of blinking {unknown}
 h - a scroll of enchant armour {unknown}
 i - a scroll of identify {unknown}
 j - a scroll of magic mapping {unknown}
Potions
 g - a potion of heal wounds


   Skills:
 + Level 2.7 Fighting
 * Level 3.3 Long Blades
 - Level 1.7 Throwing
 + Level 0.9 Armour
 * Level 3.2 Dodging


You had 2 spell levels left.
You didn't know any spells.
Your spell library was empty.

Dungeon Overview and Level Annotations

Branches:
Dungeon (2/15)

Altars:

Annotations:
D:2 Sigmund


Innate Abilities, Weirdness & Mutations

You thrive by killing the living.
You are immune to poison.
You have sharp fingernails.
Your flesh is cold resistant. (rC+)
You are immune to negative energy. (rN+++)
You do not regenerate when monsters are visible.
You are immune to unholy pain and torment.
You can survive without breathing.


Message History

It was a potion of heal wounds.
You feel much better. The quokka misses you. Something hits you.
You bump into the rock wall.
Something hits you but does no damage.
The quokka bites you but does no damage.
The quokka misses you. Something hits you. The quokka barely misses you.
You're too confused to move!
The quokka closely misses you. The quokka barely misses you.
You're too confused to move!
Something hits you. The quokka barely misses you.
The quokka bites you but does no damage.
Something hits you. The quokka bites you. The quokka misses you.
Something hits you.
* * * LOW HITPOINT WARNING * * *
The quokka closely misses you.
You bump into the rock wall.
Something hits you.
* * * LOW HITPOINT WARNING * * *
The quokka barely misses you. The quokka barely misses you. Something hits you!
You die...

..##..#......# #.#
......#......# #.#
.............#### #.#
..##.........+..# #.#
.....).......##.# #.#
.............##.# #.#
#.##..##.....##'###'##
...... #........)....#
#.##.. #......r@†....#
# #. #.....{.......#
..................# #.
................#
....###..........+
.... #..........# ..
#..........#
#.##########


You could see a quokka.

Vanquished Creatures
  A gnoll (D:1)
  3 dart slugs
  3 leopard geckos (D:1)
  A ball python (D:2)
  2 giant cockroaches
  3 goblins (D:1)
  2 hobgoblins
  10 kobolds
  3 bats
  4 frilled lizards
  4 rats (D:1)
36 creatures vanquished.

Notes
Turn   | Place    | Note
-------+----------+-------------------------------------------
     0 | D:1      | Borgoz the Ghoul Gladiator began the quest for the Orb.
     0 | D:1      | Reached XP level 1. HP: 17/17 MP: 0/0
    42 | D:1      | Reached XP level 2. HP: 13/25 MP: 1/1
   577 | D:1      | Reached XP level 3. HP: 30/30 MP: 2/2
  1403 | D:2      | Noticed Sigmund
  1431 | D:2      | Mangled by Sigmund

Illustrated notes

Levels and vault maps discovered:
D:1:      erik_arrival_cave_to_civilisation [erik_arrival_cave_to_hall],
          layout_basic
D:2:      layout_basic, minmay_overflow_temple_hex, uniq_sigmund

Skill      XL: |  1  2 |
---------------+-------+-----
Long Blades    | 3 |  3.3
Dodging        | 3 |  3.2
Fighting       | |  2.7
Throwing       | |  1.7
Armour         | |  0.9

Action                   || total
-------------------------++-------
Melee: Long sword        ||   110
Throw: Throwing net      ||     1
  Use: Potion            ||     2
Armor: Leather armour    ||    47
Dodge: Dodged            ||    87
       Rpst.: Long sword ||    24

Table legend: (Time is in decaauts)
 A = Elapsed time spent in this place.
 B = Non-inter-level travel time spent in this place.
 C = Inter-level travel time spent in this place.
 D = Time resting spent in this place.
 E = Time spent auto-exploring this place.
 F = Levels seen in this place.
 G = Mean time per level.
                   A        B        C        D        E       F      G
               +--------+--------+--------+--------+--------+-----+--------+
         Total |   1457 |   1441 |     16 |    255 |    901 |   2 |  728.5 |
       Dungeon |   1457 |   1441 |     16 |    255 |    901 |   2 |  728.5 |
               +--------+--------+--------+--------+--------+-----+--------+

Top non-repeatable levels by time:
     D:1: 1187 daAuts
     D:2: 270 daAuts
